 Dungeon Crawl Stone Soup version 0.29-a0-723-gce39da1c22 (webtiles) character file.

Game seed: 12670793363990946927

289 crusatyr the Chopper (level 6, -1/56 HPs)
             Began as a Hill Orc Monk on June 28, 2022.
             Slain by an ogre
             ... wielding a +0 giant spiked club
              (5 damage)
             ... on level 4 of the Dungeon.
             The game lasted 00:06:23 (5154 turns).

crusatyr the Chopper (Hill Orc Monk)                Turns: 5154, Time: 00:06:24

Health: -1/56      AC:  7    Str: 19    XL:     6   Next: 31%
Magic:  6/6        EV: 11    Int:  8    God:
Gold:   205        SH:  0    Dex: 23    Spells: 5/5 levels left

rFire   . . .      SeeInvis .   a - +0 hand axe
rCold   . . .      Faith    .   (no shield)
rNeg    + . .      Spirit   .   j - +0 scale mail
rPois   +          Reflect  .   (no helmet)
rElec   .          Harm     .   (no cloak)
rCorr   .          Rampage  .   f - +0 pair of gloves
Will    .....                   (no boots)
Stlth   +.........              r - amulet "Serhoris" {RegenMP rN+ Str+3 Int-2 Dex+4}
HPRegen 0.18/turn               g - ring of poison resistance
MPRegen 0.50/turn               n - +6 ring of dexterity

@: no status effects
A: no striking features
a: no special abilities


You were on level 4 of the Dungeon.
You visited 1 branch of the dungeon, and saw 4 of its levels.

You collected 205 gold pieces.

Inventory:

Hand Weapons
 a - a +0 hand axe (weapon)
 w - a +0 flail
Armour
 f - a +0 pair of gloves (worn)
 j - a +0 scale mail (worn)
Jewellery
 g - a ring of poison resistance (left hand)
 n - a +6 ring of dexterity (right hand)
 q - a ring of see invisible
 r - the amulet "Serhoris" (around neck) {RegenMP rN+ Str+3 Int-2 Dex+4}
   (You found it on level 3 of the Dungeon)

   [amulet of magic regeneration]

   It increases your rate of magic regeneration.
   Str:       It affects your strength (+3).
   Int:       It affects your intelligence (-2).
   Dex:       It affects your dexterity (+4).
   rN:        It protects you from negative energy.
Wands
 v - a wand of flame (5)
Scrolls
 d - a scroll of enchant weapon {unknown}
 e - 5 scrolls of identify {unknown}
 l - 2 scrolls of noise {unknown}
 o - a scroll of teleportation {unknown}
Potions
 b - 3 potions of mutation {unknown}
 c - 3 potions of ambrosia
 h - a potion of heal wounds {unknown}
 k - 2 potions of curing
 m - a potion of might {unknown}
 p - 2 potions of haste {unknown}
 s - 2 potions of berserk rage {unknown}
 t - a potion of degeneration {unknown}
 u - a potion of resistance {unknown}


   Skills:
 + Level 5.1 Fighting
 * Level 7.0 Axes
 + Level 3.0 Armour
 - Level 2.4 Dodging
 - Level 1.5 Stealth


You had 5 spell levels left.
You didn't know any spells.
Your spell library contained the following spells:

 Spells                   Type           Power      Damage    Failure   Level
 Ignite Poison            Fire/Tmut/Pois 0%         N/A       98%         3
 Mephitic Cloud           Conj/Pois/Air  0%         N/A       98%         3
 Freezing Cloud           Conj/Ice/Air   0%         6-21      100%        5


Dungeon Overview and Level Annotations

Branches:
Dungeon (4/15)
 Temple: D:4-7

Altars:
Zin
The Shining One


Message History

No target in view!
No target in view!
No target in view!
No target in view!
Things that are here:
a +0 hand axe; an orc corpse You open the door.
There is an open door here.
Found a leather armour.
You see here a +0 leather armour.
You see here a +0 leather armour.
You open the door.
There is an open door here.
An ogre comes into view. It is wielding a +0 giant spiked club.
You hit the ogre.
The ogre is lightly wounded.
The ogre hits you with a +0 giant spiked club!!
Ouch! That really hurt!
You are too injured to fight recklessly!
You are too injured to fight recklessly!
You are too injured to fight recklessly!
You are too injured to fight recklessly!
You are too injured to fight recklessly!
You are too injured to fight recklessly!
You are too injured to fight recklessly!
You are too injured to fight recklessly!
You are too injured to fight recklessly!
You are too injured to fight recklessly!
You are too injured to fight recklessly!
You are too injured to fight recklessly!
You are too injured to fight recklessly!
There is an open door here.
The ogre attacks as you move away!
The ogre hits you with a +0 giant spiked club!!
* * * LOW HITPOINT WARNING * * *
You see here a +0 leather armour.
You open the door. The ogre attacks as you move away!
The ogre hits you with a +0 giant spiked club.
You die...

#)# #.# #.#.# ######
#######.###o###.#.# ......
..........o......>####. ######
#######.#..............
#########.#######.######
########........................
................................
########)#######'#######.#######
####.#####≈≈@≈≈# ##+########
#####......).#≈.O.≈# #..........
.............#≈...≈# #..........
#####.##.###.#≈...≈# #..........
....#...######≈#.#≈######........
###.#<#.#≈≈≈≈≈≈#[#≈≈≈≈≈≈#........
###.#≈...###.###...≈#........
#.'...............'.#######
###≈...###.###...≈###


You could see an ogre.

Vanquished Creatures
  A phantom (D:4)
  A hound (D:4)
  Ijyb (D:2)
  2 gnolls
  5 adders
  2 worms (D:3)
  2 dart slugs
  7 orcs (D:4)
  4 ball pythons
  9 bats
  6 endoplasms
  2 giant cockroaches
  8 goblins
  10 hobgoblins
  3 jackals (D:1)
  7 kobolds
  A quokka (D:2)
  4 frilled lizards
  3 rats (D:1)
78 creatures vanquished.

Notes
Turn   | Place    | Note
-------+----------+-------------------------------------------
     0 | D:1      | crusatyr the Hill Orc Monk began the quest for the Orb.
     0 | D:1      | Reached XP level 1. HP: 19/19 MP: 1/1
   289 | D:1      | Reached XP level 2. HP: 20/27 MP: 2/2
   433 | D:1      | Reached skill level 1 in Armour
   813 | D:1      | Reached XP level 3. HP: 27/33 MP: 3/3
  1358 | D:2      | Reached skill level 5 in Axes
  1361 | D:2      | Noticed Ijyb
  2434 | D:2      | Reached XP level 4. HP: 40/40 MP: 4/4
  2707 | D:3      | Identified the amulet "Serhoris" {RegenMP rN+ Str+3 Int-2
                  | Dex+4}
  3107 | D:3      | Found a glowing silver altar of Zin.
  3400 | D:3      | Found a glowing golden altar of the Shining One.
  4083 | D:2      | Killed Ijyb
  4084 | D:2      | Reached skill level 6 in Axes
  4084 | D:2      | Reached XP level 5. HP: 22/47 MP: 5/5
  4274 | D:4      | Noticed a phantom
  4296 | D:4      | Killed a phantom
  4403 | D:4      | Reached skill level 5 in Fighting
  4403 | D:4      | Reached XP level 6. HP: 53/56 MP: 6/6
  4735 | D:3      | Reached skill level 7 in Axes
  5140 | D:4      | HP: 2/56 [ogre/+0 giant spiked club (26)]
  5154 | D:4      | Slain by an ogre

Illustrated notes

Levels and vault maps discovered:
D:1:      eino_arrival_cavern_a, layout_rooms
D:2:      kennysheep_the_goblin_king, layout_loops_cross,
          roderic_serpentine_path
D:3:      minmay_chambers_of_twos, layout_basic, nicolae_tso_swordbearing_angel,
          mainiacjoe_overflow_alcove_1
D:4:      layout_basic, minmay_temple_entry_glass, kennysheep_minor_cross,
          uniq_pikel

Skill      XL: |  1  2  3  4  5  6 |
---------------+-------------------+-----
Armour         | 1 2 3 |  3.0
Fighting       | 4 5 |  5.1
Axes           | 5 6 7 |  7.0
Dodging        | |  2.4
Stealth        | |  1.5

Action                   |  1- 3 |  4- 6 || total
-------------------------+-------+-------++-------
Melee: Hand axe          |   154 |   210 ||   364
       Punch             |       |     3 ||     3
  Use: Potion            |     1 |       ||     1
 Stab: Sleeping          |     1 |       ||     1
Armor: Robe              |    13 |       ||    13
       Scale mail        |    26 |    69 ||    95
Dodge: Dodged            |    90 |   110 ||   200

Table legend: (Time is in decaauts)
 A = Elapsed time spent in this place.
 B = Non-inter-level travel time spent in this place.
 C = Inter-level travel time spent in this place.
 D = Time resting spent in this place.
 E = Time spent auto-exploring this place.
 F = Levels seen in this place.
 G = Mean time per level.
                   A        B        C        D        E       F      G
               +--------+--------+--------+--------+--------+-----+--------+
         Total |   5164 |   4954 |    210 |    462 |   3535 |   4 | 1291.0 |
       Dungeon |   5164 |   4954 |    210 |    462 |   3535 |   4 | 1291.0 |
               +--------+--------+--------+--------+--------+-----+--------+

Top non-repeatable levels by time:
     D:2: 1584 daAuts
     D:3: 1571 daAuts
     D:1: 1378 daAuts
     D:4: 629 daAuts
